 Dungeon Crawl Stone Soup version 0.30.1-4-g462c640d31 (console) character file.

Game seed: 12347125502805323077

28 shmup the Ruffian (level 2, -1/20 (23) HPs)
             Began as a Draconian Transmuter on Aug 29, 2023.
             Slain by a gnoll
             ... wielding a +2 whip of draining
              (5 damage)
             ... on level 1 of the Dungeon.
             The game lasted 00:01:48 (1721 turns).

shmup the Ruffian (Draconian Transmuter)            Turns: 1721, Time: 00:01:49

HP:   -1/20 (23)    AC:  4    Str: 12    XL:     2   Next: 96%
MP:   5/5           EV: 12    Int: 13    God:
Gold: 104           SH:  0    Dex: 11    Spells: 4/5 levels left

rFire   . .          .
                       - Unarmed
rCold   . . .        (no shield)
rNeg    . . .        (body armour unavailable)
rPois   .            (helmet restricted)
rElec   .            (no cloak)
rCorr   .            (no gloves)
SInv    .            (no boots)
Will    .....        (no amulet)
Stlth   +            (no ring)
HPRegen 0.23/turn    (no ring)
MPRegen 0.09/turn

%: no passive effects
@: heavily drained
A: AC +4, unfitting armour, cold-blooded
a: no special abilities


You were on level 1 of the Dungeon.
You visited 1 branch of the dungeon, and saw 2 of its levels.

You collected 104 gold pieces.

Inventory:

Hand Weapons
 c - a +2 dagger of venom
Missiles
 d - 15 stones (quivered)
Scrolls
 e - 2 scrolls of identify {unknown}
 f - a scroll of fear {unknown}
Potions
 a - a potion of lignification
 b - 3 potions of curing {unknown}


   Skills:
 - Level 1.1 Fighting
 - Level 1.7 Dodging
 + Level 3.6 Unarmed Combat
 - Level 2.0 Spellcasting
 + Level 2.8 Transmutations


You had 4 spell levels left.
You knew the following spells:

 Your Spells              Type           Power      Damage    Failure   Level
a - Beastly Appendage     Tmut           16%        N/A       8%          1

Your spell library contained the following spells:

 Spells                   Type           Power      Damage    Failure   Level
 Wereblood                Tmut           8%         N/A       12%         2
 Lesser Beckoning         Tloc           2%         N/A       36%         2
 Spider Form              Tmut/Pois      5%         N/A       38%         3
 Gell's Gravitas          Tloc           1%         N/A       58%         3
 Teleport Other           Tloc           1%         N/A       58%         3
 Ice Form                 Ice/Tmut       5%         N/A       80%         4


Dungeon Overview and Level Annotations

Branches:
Dungeon (2/15) Zot: 10282

Altars:


Innate Abilities, Weirdness & Mutations

Your plain brown scales are hard. (AC +4)
You cannot fit into any form of body armour.
You are cold-blooded and may be slowed by cold attacks.


Message History

Found 7 stones.
A gnoll comes into view. It is wielding a +2 whip of draining.
The gnoll shouts!
You hear a shout!
A gnoll comes into view. It is wielding a +0 halberd.
The gnoll shouts!
A gnoll comes into view. It is wielding a +0 whip.
Casting: Beastly Appendage (safe; 8% risk of failure)
Confirm with . or Enter, or press ? or * to list all spells.
You grow a pair of large bovine horns.
Your feet morph into talons.
Your transformation is almost over.
You hit the gnoll but do no damage. You claw the gnoll.
Your tail-slap misses the gnoll.
The gnoll is lightly wounded.
A gnoll comes into view. It is wielding a +0 halberd.
The gnoll closely misses you.
The gnoll shouts!
You hit the gnoll but do no damage. Your kick misses the gnoll.
The gnoll is lightly wounded.
The gnoll hits you from afar with a +0 halberd!
* * * LOW HITPOINT WARNING * * *
The gnoll hits you with a +2 whip of draining.
* * * LOW HITPOINT WARNING * * *
You feel drained.
* * * LOW HITPOINT WARNING * * *
The gnoll attacks as you move away! The gnoll barely misses you.
There is an escape hatch in the ceiling here.
Really go through this one-way escape hatch?
The gnoll hits you with a +2 whip of draining.
* * * LOW HITPOINT WARNING * * *
You feel drained.
* * * LOW HITPOINT WARNING * * *
A mysterious force pulls you upwards. The hatch slams shut behind you.
Your horns disappear.
Your talons disappear.
The gnoll attacks as you move away! The gnoll barely misses you.
The gnoll attacks as you move away! The gnoll barely misses you.
The gnoll attacks as you move away! The gnoll barely misses you.
The gnoll attacks as you move away! The gnoll barely misses you.
The gnoll attacks as you move away!
The gnoll hits you with a +2 whip of draining.
You die...

▒▒▒ ▒▒▒▒ ▒▒▒▒ ▒.▒▒▒▒▒▒▒▒▒..▒▒▒.▒.
▒.d..............▒.
▒g▒▒▒▒▒▒▒▒..▒▒▒▒.▒.
▒.▒...[..).......▒. ▒▒▒▒▒
▒.▒.▒▒▒▒▒▒..▒▒▒▒▒▒. ....▒ ▒.▒.▒
▒..▒ ▒. ....▒ ▒.▒.▒▒▒▒▒▒..▒▒▒▒▒▒.
....▒▒▒▒▒▒ ▒.▒.....%..........
.........▒▒▒▒▒▒.▒▒▒▒▒▒▒▒▒▒▒▒▒▒▒▒▒
.........+.............>.........


You could see a gnoll.

Vanquished Creatures
  An adder (D:2)
  2 dart slugs (D:1)
  A giant cockroach (D:1)
  2 goblins (D:1)
  2 hobgoblins
  2 kobolds (D:1)
  A quokka (D:1)
  2 bats
  2 rats (D:2)
15 creatures vanquished.

Notes
Turn   | Place    | Note
-------+----------+-------------------------------------------
     0 | D:1      | shmup the Draconian Transmuter began the quest for the Orb.
     0 | D:1      | Reached XP level 1. HP: 16/16 MP: 3/3
   253 | D:1      | Reached XP level 2. HP: 23/23 MP: 3/5
  1721 | D:1      | Slain by a gnoll

Illustrated notes

Levels and vault maps discovered:
D:1:      zelgadis_glass_arrival_small, layout_basic, dk_noncrumbling_4,
          chequers_jeans
D:2:      layout_loops_ring, minmay_tall_x

Action                     || total
---------------------------++-------
  Melee: Unarmed           ||    51
         Kick              ||     8
         Tailslap          ||     5
         Headbutt          ||     3
   Cast: Beastly Appendage ||    15
    Use: Scroll            ||     1
 Armour: Skin              ||    22
  Dodge: Dodged            ||    40
